 Dungeon Crawl Stone Soup version 0.22-a0-48-g8770677 (webtiles) character file.

4895 Kidiri the Thaumaturge (level 10, -3/84 HPs)
             Began as a Deep Elf Fire Elementalist on Jan 7, 2018.
             Was a Priest of Vehumet.
             Slain by Pawles22's ghost (23 damage)
             ... on level 8 of the Dungeon.
             The game lasted 00:25:44 (8100 turns).

Kidiri the Thaumaturge (Deep Elf Fire Elementalist) Turns: 8100, Time: 00:25:45

Health: -3/84      AC: 25    Str:  5    XL:     10   Next: 26%
Magic:  11/26      EV:  2    Int: 29    God:    Vehumet [***...]
Gold:   408        SH:  0    Dex: 15    Spells: 9/30 levels left

rFire    . . .     SeeInvis .   l - +1 dagger (elec)
rCold    . . .     Gourm    +   (no shield)
rNeg     + + +     Faith    .   (armour currently unavailable)
rPois    +         Spirit   .   (helmet currently unavailable)
rElec    .         Reflect  .   (cloak currently unavailable)
rCorr    .         Harm     .   (gloves currently unavailable)
MR       +....     NoTele   +   (boots currently unavailable)
Stlth    ++........             s - amulet of the gourmand
HPRegen  0.24/turn              (no ring)
MPRegen  0.20/turn              D - ring of poison resistance

@: brilliant, tree-form
A: no striking features
a: Renounce Religion


You were on level 8 of the Dungeon.
You worshipped Vehumet.
Vehumet was most pleased with you.
You were completely stuffed.
You were a tree.
You visited 2 branches of the dungeon, and saw 9 of its levels.

You collected 408 gold pieces.

Inventory:

Hand Weapons
 l - a +1 dagger of electrocution (weapon)
 v - a +0 rapier
Armour
 g - a +0 pair of boots (melded)
 n - a +1 pair of gloves (melded)
 y - a +0 large shield
 F - a +0 leather armour
 G - a +2 robe of positive energy (melded)
Jewellery
 d - an uncursed ring of ice
 f - an uncursed amulet of guardian spirit
 s - an amulet of the gourmand (around neck)
 D - a ring of poison resistance (right branch)
Wands
 m - a wand of flame (47)
 o - a wand of enslavement (25)
 w - a wand of iceblast (22)
 C - a wand of acid (1)
Scrolls
 i - a scroll of blinking
 p - 4 scrolls of teleportation
 u - 3 scrolls of magic mapping
 z - a scroll of remove curse
Potions
 a - a potion of brilliance
 e - a potion of curing
 h - a potion of cancellation
 k - 3 potions of lignification
 q - 2 potions of haste
 r - 2 potions of might
 t - a potion of ambrosia
 x - a potion of invisibility
 A - a potion of berserk rage
 B - a potion of flight
 E - a potion of agility {unknown}
 I - a potion of heal wounds {unknown}
Books
 b - a book of Flames

   Spells                             Type                      Level
   a - Flame Tongue                   Conjuration/Fire             1
   b - Throw Flame                    Conjuration/Fire             2
   c - Conjure Flame                  Conjuration/Fire             3
   d - Inner Flame                    Hexes/Fire                   3
   e - Sticky Flame                   Conjuration/Fire             4
   f - Fireball                       Conjuration/Fire             5
 j - a book of Maledictions

   Spells                             Type                      Level
   a - Corona                         Hexes                        1
   b - Ensorcelled Hibernation        Hexes/Ice                    2
   c - Confuse                        Hexes                        3
   d - Tukima's Dance                 Hexes                        3
   e - Dazzling Spray                 Conjuration/Hexes            3
Comestibles
 c - 17 rations
 H - 10 chunks of flesh


   Skills:
 + Level 3.5 Fighting
 + Level 4.3 Short Blades
 + Level 3.5 Armour
 + Level 5.9 Dodging
 - Level 2.4 Stealth
 + Level 3.1 Shields
 * Level 10.8 Spellcasting
 + Level 6.0 Conjurations
 + Level 6.9 Fire Magic
 + Level 2.0 Poison Magic


You had 9 spell levels left.
You knew the following spells:

 Your Spells              Type           Power        Failure   Level  Hunger
a - Flame Tongue          Conj/Fire      #####        1%          1    None
b - Throw Flame           Conj/Fire      ######       1%          2    None
c - Conjure Flame         Conj/Fire      ######..     1%          3    None
d - Inner Flame           Hex/Fire       ######..     1%          3    None
e - Ignite Poison         Fire/Tmut/Pois ######..     1%          3    None
f - Sticky Flame          Conj/Fire      ######..     1%          4    None
g - Fireball              Conj/Fire      ######....   1%          5    ###....


Dungeon Overview and Level Annotations

Branches:
Dungeon (8/15)             Temple (1/1) D:4
   Lair: D:8-11

Altars:
Ashenzari
Cheibriados
Dithmenos
Elyvilon
Fedhas
Gozag
Hepliaklqana
Kikubaaqudgha
Makhleb
Nemelex Xobeh
Okawaru
Qazlal
Ru
Sif Muna
Trog
Uskayaw
Vehumet
Wu Jian
Xom
Yredelemnul
Zin
The Shining One

Shops:
D:5 :

Annotations:
D:8 exclusion: centaur, Pawles22's ghost, novice GrMo


Innate Abilities, Weirdness & Mutations

((You have a pair of small horns on your head.))
((You are occasionally teleported next to monsters.))


Message History

Pawles22's ghost shrieks, "You must not succeed where I failed!"
Casting: Flame Tongue
Confirm with . or Enter, or press ? or * to list all spells.
Aiming: Flame Tongue
Press: ? - help, Shift-Dir - straight line, f/p - Pawles22's ghost
Aim: Pawles22's ghost, wielding a weapon of distortion (moderately damaged)
The flame tongue hits Pawles22's ghost.
Pawles22's ghost appears unharmed.
Pawles22's ghost is moderately damaged.
Pawles22's ghost hits you but does no damage.
Space bends around you.
* * * LOW HITPOINT WARNING * * *
Casting: Flame Tongue
Confirm with . or Enter, or press ? or * to list all spells.
Aiming: Flame Tongue
Press: ? - help, Shift-Dir - straight line, f/p - Pawles22's ghost
Aim: Pawles22's ghost, wielding a weapon of distortion (moderately damaged)
The flame tongue misses Pawles22's ghost.
Pawles22's ghost hits you but does no damage.
Space warps horribly around you!
You die...

)............... # #>........
.#######.#............#........##
..######.#>.............
#[.......##.)..........# .
########..#.)........[##..
##.................
#...#............#
#######..##....W.....#
................♣....#..#
######.#..............#
#.#W.#...##§##.......
###....#..##...##.##### ##
#....#.#..#.....### .###...(#.#
#≈.⌠..# .W.a..#..... #≈≈...#
###..........##≈≈≈§.. ...!.#.#...
####≈§§≈#


You could see Pawles22's ghost.

Vanquished Creatures
  A two-headed ogre (D:8)
  The ghost of ZomBoFoB the Poker, a novice DgSk (D:7)
  Pikel (D:8)
  A hungry ghost (D:7)
  2 steam dragons (D:8)
  An orc warrior (D:6)
  An ice beast (D:6)
  A sky beast (D:5)
  2 phantoms
  A slave (D:8)
  5 ogres
  A crocodile (D:7)
  3 bullfrogs
  2 scorpions
  2 howler monkeys (D:6)
  7 wights
  4 crimson imps
  2 bullfrog zombies (D:7)
  A centaur zombie (D:6)
  7 hounds
  3 jellies
  3 bullfrog skeletons
  Ijyb (D:3)
  4 iguanas
  2 orc wizards (D:7)
  6 worker ants
  A hound zombie (D:7)
  11 gnolls
  8 adders
  A howler monkey skeleton (D:6)
  2 shadow imps
  An ooze (D:3)
  3 adder skeletons
  3 worms
  7 leopard geckos
  24 orcs
  6 bats
  3 giant cockroaches
  4 goblins
  5 hobgoblins
  6 jackals
  3 quokkas
  2 ball pythons (D:5)
  A frilled lizard (D:4)
  A jackal skeleton (D:5)
  11 kobolds
  8 rats
176 creatures vanquished.

Vanquished Creatures (others)
  2 slaves (D:8)
  A crimson imp (D:8)
  An orc priest (D:8)
  An orc wizard (D:8)
  2 worker ants (D:8)
  An orc (D:8)
8 creatures vanquished.

Grand Total: 184 creatures vanquished

Notes
Turn   | Place    | Note
-------+----------+-------------------------------------------
     0 | D:1      | Kidiri the Deep Elf Fire Elementalist began the quest for the Orb.
     0 | D:1      | Reached XP level 1. HP: 10/10 MP: 6/6
   286 | D:1      | Reached XP level 2. HP: 14/15 MP: 4/8
   290 | D:1      | Learned a level 2 spell: Throw Flame
   771 | D:2      | Reached skill level 4 in Spellcasting
   815 | D:2      | Reached XP level 3. HP: 19/19 MP: 7/10
   820 | D:2      | Learned a level 3 spell: Conjure Flame
   824 | D:2      | Learned a level 3 spell: Inner Flame
  1695 | D:3      | Reached XP level 4. HP: 24/24 MP: 6/12
  1799 | D:3      | Noticed Ijyb
  1808 | D:3      | Killed Ijyb
  1808 | D:3      | Reached skill level 5 in Spellcasting
  1960 | D:3      | Learned a level 4 spell: Sticky Flame
  1962 | D:3      | Found a faded altar of an unknown god.
  2380 | D:3      | Reached XP level 5. HP: 28/28 MP: 1/15
  2559 | D:4      | Noticed an ogre
  2773 | D:4      | Reached skill level 6 in Spellcasting
  2916 | D:4      | Found a staircase to the Ecumenical Temple.
  2927 | Temple   | Entered the Ecumenical Temple
  3181 | Temple   | Became a worshipper of Vehumet
  3232 | D:4      | Killed an ogre
  3232 | D:4      | Reached XP level 6. HP: 32/32 MP: 8/17
  3239 | D:4      | Learned a level 5 spell: Fireball
  3457 | D:4      | Gained mutation: You are occasionally teleported next to monsters. [potion of mutation]
  3457 | D:4      | Gained mutation: You have a pair of small horns on your head. [potion of mutation]
  3526 | D:4      | Reached skill level 7 in Spellcasting
  3526 | D:4      | Reached XP level 7. HP: 28/37 MP: 1/19
  3666 | D:4      | Reached skill level 1 in Short Blades
  3902 | D:5      | Entered Level 5 of the Dungeon
  3939 | D:5      | Reached skill level 5 in Fire Magic
  3939 | D:5      | Reached skill level 1 in Armour
  4015 | D:5      | Reached skill level 1 in Fighting
  4618 | D:5      | Reached * piety under Vehumet
  4618 | D:5      | Offered knowledge of Magic Dart by Vehumet.
  4723 | D:5      | Found Moocatul's Book Emporium.
  4895 | D:5      | Reached skill level 8 in Spellcasting
  5172 | D:6      | Reached XP level 8. HP: 28/43 MP: 3/22
  5485 | D:6      | Reached skill level 1 in Shields
  5673 | D:6      | Reached skill level 9 in Spellcasting
  6140 | D:7      | Reached XP level 9. HP: 46/49 MP: 16/24
  6146 | D:7      | Reached skill level 5 in Conjurations
  6277 | D:7      | Noticed ZomBoFoB's ghost (novice DgSk)
  6277 | D:7      | Reached ** piety under Vehumet
  6277 | D:7      | Offered knowledge of Searing Ray by Vehumet.
  6284 | D:7      | Killed ZomBoFoB's ghost
  6284 | D:7      | Reached skill level 5 in Dodging
  6704 | D:7      | Reached skill level 10 in Spellcasting
  6981 | D:7      | Found a sacrificial altar of Ru.
  7088 | D:7      | Offered knowledge of Ignite Poison by Vehumet.
  7093 | D:7      | Learned a level 3 spell: Ignite Poison
  7521 | D:8      | Noticed a two-headed ogre
  7533 | D:8      | Killed a two-headed ogre
  7533 | D:8      | Reached skill level 1 in Poison Magic
  7533 | D:8      | Reached XP level 10. HP: 56/56 MP: 15/26
  7540 | D:8      | Noticed Pikel
  7552 | D:8      | Killed Pikel
  7552 | D:8      | Reached *** piety under Vehumet
  7765 | D:8      | Noticed Pawles22's ghost (novice GrMo)
  8100 | D:8      | Slain by Pawles22's ghost

Vault maps used:
D:1:      minmay_arrival_hallway
D:2:      first_ration
D:3:      chequers_ecumenical_altar_simple_redux, uniq_ijyb
D:4:      minmay_temple_entry_glassed_door
D:5:      serial_shops, shop
D:7:      nicolae_overflow_crystal_walls, nrook_loot_triangle
D:8:      cheibrodos_steamvent, uniq_pikel
Temple:   regret_index_temple_sigil_plot

Skill      XL: |  1  2  3  4  5  6  7  8  9 10 |
---------------+-------------------------------+-----
Spellcasting   | 4 5 6 7 8 9 10 | 10.8
Conjurations   | 2 3 4 5 6 |  6.0
Fire Magic     | 4 5 6 |  6.9
Short Blades   | 1 3 4 |  4.3
Dodging        | 3 4 5 |  5.9
Armour         | 1 2 3 |  3.5
Fighting       | 1 2 3 |  3.5
Shields        | 1 2 3 |  3.1
Poison Magic   | 1 2 |  2.0
Stealth        | |  2.4

Action                   |  1- 3 |  4- 6 |  7- 9 | 10-12 || total
-------------------------+-------+-------+-------+-------++-------
Melee: Unarmed           |     6 |       |       |       ||     6
       Dagger            |     1 |       |    13 |     7 ||    21
       Short sword       |       |     3 |    15 |       ||    18
       Headbutt          |       |       |     4 |     3 ||     7
 Cast: Flame Tongue      |    66 |    53 |   161 |    56 ||   336
       Throw Flame       |     7 |    20 |    33 |     4 ||    64
       Conjure Flame     |     1 |     2 |    13 |     6 ||    22
       Inner Flame       |       |     1 |     8 |     2 ||    11
       Sticky Flame      |       |     2 |    18 |     4 ||    24
Evoke: Wand              |       |       |     5 |     2 ||     7
  Use: Scroll            |     3 |     4 |     7 |     2 ||    16
       Potion            |     2 |     3 |     2 |     4 ||    11
 Stab: Sleeping          |     1 |     2 |     2 |       ||     5
  Eat: Chunk             |     2 |    16 |    16 |     3 ||    37
Armor: Robe              |    15 |     2 |     8 |     9 ||    34
       Leather armour    |       |       |    12 |       ||    12
       Skin              |       |       |       |     2 ||     2
Dodge: Dodged            |    32 |     6 |    81 |    12 ||   131

Table legend:
 A = Spawn XP
 B = Non-spawn XP
 C = Spawn XP percentage of total XP
 D = Spawn monster count
 E = Non-spawn monster count
 F = Spawn count percentage of total count
 G = Total turns spent on level
                    A         B        C        D         E        F      G
               +---------+---------+-------+---------+---------+-------+---------
         Total |       0 |    6993 |   0.0 |       0 |     175 |   0.0 |  8100
               +---------+---------+-------+---------+---------+-------+---------
           D:1 |       0 |      26 |   0.0 |       0 |      18 |   0.0 |   642
           D:2 |       0 |      35 |   0.0 |       0 |      12 |   0.0 |   849
           D:3 |       0 |     162 |   0.0 |       0 |      23 |   0.0 |  1080
           D:4 |       0 |     562 |   0.0 |       0 |      18 |   0.0 |  1094
           D:5 |       0 |     670 |   0.0 |       0 |      27 |   0.0 |  1364
           D:6 |       0 |    1216 |   0.0 |       0 |      25 |   0.0 |   832
           D:7 |       0 |    1977 |   0.0 |       0 |      31 |   0.0 |  1378
           D:8 |       0 |    2345 |   0.0 |       0 |      21 |   0.0 |   579
               +---------+---------+-------+---------+---------+-------+---------
